 Dungeon Crawl Stone Soup version 0.21.1-1-g345015fe64 (webtiles) character file.

242 Tovis the Shield-Bearer (level 6, 0/38 HPs)
             Began as a Gargoyle Fighter on June 25, 2018.
             Slain by Sigmund
             ... wielding a +0 scythe
              (2 damage)
             ... on level 3 of the Dungeon.
             The game lasted 00:16:45 (2716 turns).

Tovis the Shield-Bearer (Gargoyle Fighter)          Turns: 2716, Time: 00:16:45

Health: 0/38       AC: 11    Str: 22    XL:     6   Next: 9%
Magic:  6/6        EV:  8    Int:  8    God:
Gold:   65         SH:  9    Dex:  9    Spells: 5/5 levels left

rFire    . . .     SeeInvis .   i - +0 mace
rCold    . . .     Gourm    .   b - +0 shield
rNeg     + . .     Faith    .   a - +0 scale mail
rPois    ∞         Spirit   .   (no helmet)
rElec    +         Reflect  .   (no cloak)
rCorr    .         Harm     .   (no gloves)
MR       .....                  (no boots)
Stlth    ..........             (no amulet)
HPRegen  0.12/turn              (no ring)
MPRegen  0.10/turn              (no ring)

@: no status effects
A: negative energy resistance 1, electricity resistance, unbreathing,
petrification resistance, rot immunity, AC +4
a: no special abilities


You were on level 3 of the Dungeon.
You were not hungry.

You visited 1 branch of the dungeon, and saw 3 of its levels.

You collected 65 gold pieces.

Inventory:

Hand Weapons
 i - a +0 mace (weapon)
 t - a +0 flail
 x - a +0 dagger of venom
Missiles
 j - 142 stones (quivered)
Armour
 a - a +0 scale mail (worn)
 b - a +0 shield (worn)
 e - a +0 helmet
 y - a +0 helmet
Wands
 v - a wand of digging (12)
Scrolls
 g - 4 scrolls of identify {unknown}
 m - a scroll of teleportation {unknown}
 n - 4 scrolls of remove curse {unknown}
 q - a scroll of fog {unknown}
 r - a scroll of random uselessness {unknown}
 w - a scroll of magic mapping {unknown}
Potions
 f - a potion of haste {unknown}
 k - 3 potions of flight {unknown}
 l - a potion of agility {unknown}
 o - a potion of ambrosia {unknown}
 p - a potion of invisibility {unknown}
Comestibles
 c - 3 chunks of flesh
 d - 2 rations


   Skills:
 + Level 3.9 Fighting
 + Level 3.2 Maces & Flails
 + Level 0.5 Throwing
 + Level 3.9 Armour
 + Level 1.2 Dodging
 + Level 0.4 Stealth
 + Level 4.5 Shields
 + Level 2.2 Unarmed Combat


You had 5 spell levels left.
You didn't know any spells.

Dungeon Overview and Level Annotations

Branches:
Dungeon (3/15)

Altars:
Sif Muna
Xom

Annotations:
D:3 Sigmund


Innate Abilities, Weirdness & Mutations

You are resistant to torment.
Your stone body is resilient. (AC +4)
You are immune to poison.
You resist negative energy. (rN+)
You are resistant to electric shocks. (rElec)
You can survive without breathing.
You are immune to petrification.
You are immune to rotting.


Message History

You sock the hobgoblin!
You kill the hobgoblin!
Something hits you but does no damage.
Items here: ( )))) [[ You closely miss something.
Something hits you.
You closely miss something.
You hear some strange, mumbled words.
You are confused.
Something hits you!
You bump into the rock wall.
Something hits you!
* * * LOW HITPOINT WARNING * * *
Unknown command.
You bump into the rock wall.
Something hits you.
* * * LOW HITPOINT WARNING * * *
You bump into the rock wall.
Something hits you but does no damage.
You bump into the rock wall.
You feel less confused. Something hits you.
You die...

#..####### #...##
#..#.## .
#####..##.# .
#..)#..#### ..
##.#.#..### o.
#.........# ...
####.####.#
...##########.))@..#
(...(.......(.######
.(...(........#
.(............#
..............#
..............#
..............#
..............# .
############### ..


There were no monsters in sight!

Vanquished Creatures
  The ghost of Evaline the Gusty, an amateur TeAE (D:3)
  An orc wizard (D:3)
  Ijyb (D:2)
  Robin (D:3)
  2 adders
  An ooze (D:3)
  2 worms
  2 leopard geckos
  6 orcs (D:3)
  5 bats
  3 giant cockroaches
  18 goblins
  13 hobgoblins
  5 kobolds (D:1)
  A quokka (D:2)
  2 ball pythons
  3 frilled lizards
  9 rats
76 creatures vanquished.

Notes
Turn   | Place    | Note
-------+----------+-------------------------------------------
     0 | D:1      | Tovis the Gargoyle Fighter began the quest for the Orb.
     0 | D:1      | Reached XP level 1. HP: 14/14 MP: 1/1
   199 | D:1      | Reached XP level 2. HP: 17/19 MP: 2/2
   579 | D:1      | Reached XP level 3. HP: 23/23 MP: 3/3
  1212 | D:2      | Found a deep blue altar of Sif Muna.
  1574 | D:3      | Noticed Evaline's ghost (amateur TeAE)
  1589 | D:2      | Reached skill level 1 in Maces & Flails
  1625 | D:3      | Noticed Robin
  1651 | D:2      | Reached XP level 4. HP: 21/29 MP: 4/4
  1784 | D:3      | Killed Robin
  1795 | D:3      | Noticed Ijyb
  1960 | D:2      | Killed Ijyb
  1960 | D:2      | Reached skill level 4 in Shields
  2049 | D:2      | Found a shimmering altar of Xom.
  2134 | D:3      | Killed Evaline's ghost
  2134 | D:3      | Reached skill level 1 in Dodging
  2134 | D:3      | Reached XP level 5. HP: 20/33 MP: 5/5
  2400 | D:3      | Reached XP level 6. HP: 12/38 MP: 6/6
  2689 | D:3      | Noticed Sigmund
  2716 | D:3      | Slain by Sigmund

Skill      XL: |  1  2  3  4  5 |
---------------+----------------+-----
Maces & Flails | 1 2 3 |  3.2
Shields        | 4 |  4.5
Dodging        | 1 |  1.2
Fighting       | |  3.9
Throwing       | |  0.5
Armour         | |  3.9
Stealth        | |  0.4
Unarmed Combat | |  2.2

Action                   |  1- 3 |  4- 6 || total
-------------------------+-------+-------++-------
Melee: Unarmed           |   105 |       ||   105
       Mace              |    98 |   160 ||   258
Throw: Tomahawk          |    29 |     2 ||    31
       Stone             |     7 |     7 ||    14
       Throwing net      |       |     1 ||     1
  Use: Potion            |     1 |     2 ||     3
  Eat: Chunk             |     1 |     2 ||     3
       Ration            |     1 |       ||     1
Armor: Scale mail        |    88 |   104 ||   192
Dodge: Dodged            |    50 |    55 ||   105
Block: Shield            |    94 |   114 ||   208
